General information
- name: BNet
- type: Ladder team game (AT/RT)
- host: Battle.net
- saver: RfugeeWorkEth1c
map: DragonFalls
- players: 8
- length: 13:58
- speed: Fast
- version: 1.28 W3XP
- replay type: Public
» download(134 KB)
Players
team 1 (loser)

»
KodoHunter (
pink | 60 APM | 734 actions | 12:12)
3 Death Knight
2 Death Coil
1 Unholy Aura
1 Dreadlord
1 Sleep
» actions
| Assign group hotkey | 2 | |
| Basic commands | 1 | |
| Build / train | 37 | |
| Enter build submenu | 17 | |
| Enter hero's abilities submenu | 4 | |
| Give item / drop item | 1 | |
| Right click | 411 | |
| Select / deselect | 145 | |
| Select group hotkey | 68 | |
| Use ability | 48 | |
734 total
» units
| Acolyte | 8 | |
| Ghoul | 3 | |
| Crypt Fiend | 9 | |
20 total
» upgrades
» buildings
| Altar of Darkness | 1 | |
| Crypt | 1 | |
| Ziggurat | 7 | |
| Tomb of Relics | 1 | |
| Graveyard | 1 | |
| Halls of the Dead | 1 | |
| Necropolis | 1 | |
| Slaughterhouse | 2 | |
| Black Citadel | 1 | |
| Sacrificial Pit | 1 | |
| Spirit Tower | 1 | |
18 total
» build order
00:13 Altar of Darkness
00:16 Crypt
00:32 Ziggurat
00:51 Tomb of Relics
01:12 Ziggurat
01:39 Graveyard
02:54 Halls of the Dead
05:19 Ziggurat
05:21 Ziggurat
06:09 Necropolis
07:16 Slaughterhouse
08:16 Slaughterhouse
09:19 Black Citadel
10:15 Ziggurat
10:16 Ziggurat
10:17 Ziggurat
11:19 Sacrificial Pit
11:20 Spirit Tower
» items
| Rod of Necromancy | 2 | |
| Potion of Healing | 3 | |
| Potion of Mana | 1 | |
| Orb of Corruption | 1 | |
7 total

»
Conquista (
purple | 43 APM | 598 actions | 13:58)
3 Death Knight
2 Death Coil
1 Unholy Aura
» actions
| Assign group hotkey | 14 | |
| Basic commands | 3 | |
| Build / train | 35 | |
| Enter build submenu | 18 | |
| Enter hero's abilities submenu | 3 | |
| Give item / drop item | 2 | |
| Remove unit from queue | 1 | |
| Right click | 187 | |
| Select / deselect | 178 | |
| Select group hotkey | 100 | |
| Use ability | 57 | |
598 total
» units
| Acolyte | 10 | |
| Ghoul | 3 | |
| Crypt Fiend | 10 | |
23 total
» upgrades
» buildings
| Crypt | 1 | |
| Ziggurat | 8 | |
| Graveyard | 1 | |
| Altar of Darkness | 1 | |
| Tomb of Relics | 1 | |
| Halls of the Dead | 1 | |
| Necropolis | 1 | |
| Black Citadel | 1 | |
| Spirit Tower | 3 | |
| Sacrificial Pit | 1 | |
19 total
» build order
00:17 Crypt
00:22 Ziggurat
01:00 Graveyard
01:14 Ziggurat
01:40 Altar of Darkness
02:46 Tomb of Relics
03:35 Ziggurat
04:26 Halls of the Dead
05:09 Necropolis
06:40 Ziggurat
06:42 Ziggurat
06:45 Ziggurat
06:48 Ziggurat
07:02 Black Citadel
07:33 Spirit Tower
07:39 Spirit Tower
08:02 Spirit Tower
08:43 Ziggurat
10:18 Sacrificial Pit
10:40 Spirit Tower
» items
RfugeeWorkEth1c (
orange | 36 APM | 509 actions | 13:58)
1 Paladin
1 Divine Shield
» actions
| Assign group hotkey | 6 | |
| Basic commands | 13 | |
| Build / train | 43 | |
| Enter build submenu | 28 | |
| Enter hero's abilities submenu | 1 | |
| Remove unit from queue | 1 | |
| Right click | 97 | |
| Select / deselect | 162 | |
| Select group hotkey | 25 | |
| Use ability | 133 | |
509 total
» units
» upgrades
| Masonry | 2 | |
| Lumber Harvesting | 1 | |
| Gunpowder | 2 | |
| Armor | 1 | |
| Flare | 1 | |
| Fragmentation Shards | 1 | |
8 total
» buildings
| Lumber Mill | 1 | |
| Scout Tower | 13 | |
| Arcane Tower | 1 | |
| Guard Tower | 8 | |
| Keep | 1 | |
| Altar of Kings | 1 | |
| Blacksmith | 1 | |
| Farm | 7 | |
| Workshop | 2 | |
| Castle | 1 | |
| Arcane Vault | 1 | |
37 total
» build order
00:21 Lumber Mill
01:07 Scout Tower
01:10 Scout Tower
01:13 Scout Tower
01:16 Scout Tower
01:18 Scout Tower
01:39 Arcane Tower
01:46 Guard Tower
01:51 Guard Tower
02:15 Guard Tower
02:31 Scout Tower
02:34 Scout Tower
02:36 Scout Tower
02:45 Scout Tower
03:01 Guard Tower
03:02 Guard Tower
03:09 Guard Tower
03:13 Guard Tower
03:47 Keep
04:17 Scout Tower
04:19 Scout Tower
04:22 Scout Tower
04:24 Scout Tower
05:06 Guard Tower
05:29 Altar of Kings
05:58 Blacksmith
06:06 Farm
06:09 Farm
06:12 Farm
06:16 Farm
07:10 Workshop
07:13 Workshop
09:38 Castle
09:58 Farm
10:01 Farm
10:12 Farm
11:58 Arcane Vault

»
Bibiisback67 (
blue | 42 APM | 517 actions | 12:12)
4 Demon Hunter
2 Immolation
2 Evasion
» actions
| Build / train | 63 | |
| Enter build submenu | 14 | |
| Enter hero's abilities submenu | 4 | |
| Remove unit from queue | 1 | |
| Right click | 211 | |
| Select / deselect | 192 | |
| Use ability | 32 | |
517 total
» units
| Wisp | 24 | |
| Archer | 20 | |
| Hippogryph | 4 | |
| Druid of the Claw | 2 | |
50 total
» upgrades
| Strength of the Wild | 1 | |
| Reinforced Hides | 1 | |
| Hippogryph Taming | 1 | |
| Marksmanship | 0 | |
| Druid of the Claw Training | 2 | |
5 total
» buildings
| Altar of Elders | 1 | |
| Moon Well | 6 | |
| Ancient of War | 1 | |
| Tree of Ages | 1 | |
| Hunter's Hall | 1 | |
| Tree of Life | 1 | |
| Tree of Eternity | 1 | |
| Ancient of Wind | 2 | |
| Ancient of Lore | 2 | |
16 total
» build order
00:17 Altar of Elders
00:28 Moon Well
01:10 Ancient of War
01:38 Moon Well
02:49 Moon Well
03:27 Tree of Ages
04:00 Hunter's Hall
04:56 Tree of Life
05:10 Moon Well
06:59 Tree of Eternity
07:11 Ancient of Wind
07:16 Ancient of Wind
08:14 Ancient of Lore
08:15 Ancient of Lore
10:31 Moon Well
12:04 Moon Well
team 2 (winner)

»
Surfinbird (
teal | 127 APM | 1781 actions | 13:58)
4 Death Knight
2 Death Coil
2 Unholy Aura
2 Lich
1 Frost Nova
1 Frost Armor
» actions
| Assign group hotkey | 10 | |
| Basic commands | 1 | |
| Build / train | 45 | |
| Enter build submenu | 16 | |
| Enter hero's abilities submenu | 6 | |
| Give item / drop item | 1 | |
| Remove unit from queue | 1 | |
| Right click | 810 | |
| Select / deselect | 137 | |
| Select group hotkey | 715 | |
| Use ability | 39 | |
1781 total
» units
| Acolyte | 8 | |
| Ghoul | 7 | |
| Crypt Fiend | 5 | |
| Gargoyle | 1 | |
| Frost Wyrm | 1 | |
22 total
» upgrades
| Creature Attack | 3 | |
| Creature Carapace | 2 | |
| Web | 1 | |
6 total
» buildings
| Crypt | 1 | |
| Altar of Darkness | 1 | |
| Ziggurat | 10 | |
| Graveyard | 1 | |
| Tomb of Relics | 1 | |
| Necropolis | 2 | |
| Halls of the Dead | 1 | |
| Nerubian Tower | 1 | |
| Black Citadel | 1 | |
| Sacrificial Pit | 1 | |
| Boneyard | 3 | |
23 total
» build order
00:15 Crypt
00:20 Altar of Darkness
00:38 Ziggurat
01:07 Graveyard
01:18 Tomb of Relics
02:05 Ziggurat
04:58 Necropolis
05:04 Necropolis
05:18 Halls of the Dead
05:58 Ziggurat
06:22 Ziggurat
07:08 Nerubian Tower
08:12 Black Citadel
09:30 Sacrificial Pit
09:49 Ziggurat
09:52 Ziggurat
11:15 Boneyard
11:16 Boneyard
11:17 Boneyard
12:11 Ziggurat
12:13 Ziggurat
12:14 Ziggurat
12:15 Ziggurat
» items
| Rod of Necromancy | 2 | |
| Sacrificial Skull | 2 | |
| Boots of Speed | 1 | |
5 total

»
JohnTravolta (
green | 104 APM | 1450 actions | 13:58)
4 Warden
2 Fan of Knives
2 Blink
2 Priestess of the Moon
1 Trueshot Aura
1 Scout
» actions
| Assign group hotkey | 25 | |
| Basic commands | 27 | |
| Build / train | 61 | |
| ESC pressed | 1 | |
| Enter build submenu | 19 | |
| Enter hero's abilities submenu | 6 | |
| Right click | 613 | |
| Select / deselect | 195 | |
| Select group hotkey | 450 | |
| Use ability | 53 | |
1450 total
» units
| Wisp | 25 | |
| Archer | 1 | |
| Dryad | 6 | |
| Druid of the Claw | 4 | |
36 total
» upgrades
| Ultravision | 1 | |
| Abolish Magic | 1 | |
| Druid of the Claw Training | 2 | |
| Mark of the Claw | 1 | |
| Strength of the Wild | 3 | |
| Well Spring | 1 | |
| Nature's Blessing | 1 | |
10 total
» buildings
| Altar of Elders | 1 | |
| Moon Well | 8 | |
| Ancient of War | 1 | |
| Tree of Ages | 2 | |
| Hunter's Hall | 1 | |
| Ancient of Lore | 3 | |
| Tree of Eternity | 3 | |
| Tree of Life | 1 | |
| Ancient of Wonders | 1 | |
21 total
» build order
00:05 Altar of Elders
00:15 Moon Well
00:25 Ancient of War
01:32 Moon Well
02:37 Tree of Ages
02:37 Tree of Ages
02:51 Moon Well
03:07 Hunter's Hall
05:13 Ancient of Lore
05:20 Ancient of Lore
05:46 Tree of Eternity
05:46 Tree of Eternity
05:46 Tree of Eternity
06:02 Moon Well
06:41 Tree of Life
10:03 Ancient of Wonders
10:26 Ancient of Lore
10:52 Moon Well
12:09 Moon Well
13:37 Moon Well
13:41 Moon Well
muchla (
yellow | 68 APM | 945 actions | 13:58)
5 Blademaster
3 Wind Walk
2 Critical Strike
» actions
| Assign group hotkey | 14 | |
| Basic commands | 13 | |
| Build / train | 42 | |
| Enter build submenu | 20 | |
| Enter hero's abilities submenu | 5 | |
| Right click | 495 | |
| Select / deselect | 95 | |
| Select group hotkey | 219 | |
| Use ability | 42 | |
945 total
» units
» upgrades
| Ranged Weapons | 3 | |
| Burning Oil | 1 | |
| Armor | 1 | |
5 total
» buildings
| Altar of Storms | 1 | |
| Orc Burrow | 6 | |
| Barracks | 3 | |
| Voodoo Lounge | 1 | |
| Stronghold | 1 | |
| War Mill | 1 | |
| Great Hall | 1 | |
| Fortress | 1 | |
| Beastiary | 2 | |
17 total
» build order
00:08 Altar of Storms
00:20 Orc Burrow
00:36 Barracks
01:21 Orc Burrow
02:49 Voodoo Lounge
02:58 Stronghold
04:03 War Mill
04:30 Barracks
04:35 Barracks
04:54 Orc Burrow
05:10 Great Hall
06:07 Orc Burrow
06:40 Fortress
09:22 Orc Burrow
11:29 Orc Burrow
13:24 Beastiary
13:30 Beastiary
» items

»
Gemmers (
red | 39 APM | 550 actions | 13:58)
4 Blademaster
2 Wind Walk
2 Critical Strike
» actions
| Build / train | 34 | |
| Enter build submenu | 22 | |
| Enter hero's abilities submenu | 4 | |
| Give item / drop item | 2 | |
| Right click | 293 | |
| Select / deselect | 155 | |
| Use ability | 40 | |
550 total
» units
| Peon | 7 | |
| Grunt | 7 | |
| Tauren | 2 | |
| Shaman | 2 | |
18 total
» upgrades
| Melee Weapons | 2 | |
| Armor | 1 | |
| Berserker Strength | 1 | |
| Shaman Training | 2 | |
| Pillage | 1 | |
7 total
» buildings
| Orc Burrow | 7 | |
| Altar of Storms | 1 | |
| Barracks | 1 | |
| War Mill | 2 | |
| Voodoo Lounge | 1 | |
| Stronghold | 1 | |
| Watch Tower | 2 | |
| Fortress | 1 | |
| Spirit Lodge | 4 | |
| Tauren Totem | 4 | |
24 total
» build order
00:22 Orc Burrow
00:39 Altar of Storms
00:54 Barracks
01:34 Orc Burrow
01:52 War Mill
02:18 Voodoo Lounge
03:22 Stronghold
05:27 Orc Burrow
05:30 Watch Tower
05:53 Fortress
06:09 Watch Tower
06:16 Spirit Lodge
06:17 Spirit Lodge
06:23 Spirit Lodge
06:26 Spirit Lodge
07:31 Orc Burrow
09:14 Tauren Totem
09:15 Tauren Totem
09:21 Tauren Totem
09:39 Tauren Totem
11:26 Orc Burrow
11:31 War Mill
11:52 Orc Burrow
12:54 Orc Burrow
» items
Chat log
(00:42 / Allies) KodoHunter: units purp?
(00:48 / Allies) Bibiisback67: air
(00:51 / Allies) Conquista: wyrmy
(00:52 / Allies) Bibiisback67: and bear
(02:09 / Allies) Conquista: idiot
(02:32 / Allies) Conquista: kill him
(02:40 / Allies) Conquista: and take his mine
(03:11 / Allies) Conquista: go kill him
(03:35 / Allies) RfugeeWorkEth1c: You don't want these problems, boy
(03:46 / Allies) Conquista: shut up
(03:50 / Allies) RfugeeWorkEth1c: Fuck you
(04:05 / Allies) Conquista: i kill u
(04:10 / Allies) RfugeeWorkEth1c: Come try it, punk
(04:59 / All) RfugeeWorkEth1c: Nice expansion, bottom middle purple
(05:11 / All) RfugeeWorkEth1c: 30% done, undead
(05:20 / All) RfugeeWorkEth1c: only defended by 3 fiends
(05:22 / Allies) Conquista: go kill him all
(05:46 / All) RfugeeWorkEth1c: Really like that bottom middle expansion, purple
(07:27 / All) RfugeeWorkEth1c: cool expansion purple
(07:30 / All) RfugeeWorkEth1c: bottom middle still no towers
(08:07 / All) RfugeeWorkEth1c: Oh my, there's hooligans make a mess of it
(09:24 / All) RfugeeWorkEth1c: Thta was such a nice expansion, purple
(09:34 / All) RfugeeWorkEth1c: shame about them damn hooligans running amok
(09:57 / Allies) Conquista: kill that shit every time u see it
(10:09 / Allies) RfugeeWorkEth1c: Are you speaking in tongues?
(10:31 / All) RfugeeWorkEth1c: WATCH OUT PURPLE, THEY'RE COMING TO YOUR TOWN
(11:49 / Allies) RfugeeWorkEth1c: Bad luck, purple
(12:05 / Allies) KodoHunter: nice mortars orange
(12:10 / Allies) KodoHunter: too bad they're FUCKING USELESS
(12:19 / All) RfugeeWorkEth1c: Oh dear
(12:27 / All) RfugeeWorkEth1c: it seems my team has tucked tail and ran!
(12:40 / All) RfugeeWorkEth1c: Maybe purple shouldn't run his mouth and threaten honest, god fearing citizens!
(13:36 / Allies) RfugeeWorkEth1c: nice try, punk
(13:37 / Allies) RfugeeWorkEth1c: lol
(13:57 / All) RfugeeWorkEth1c: GG, had a tk that threatened me